Construct Infanterie Kompanie
Construct Luftwaffe Kompanie
Selects Mechanized Battlegroup
Selects 8 Rad Armored Car
Selects UNKNOWN (2160084)
Marder III M Tank Destroyer
Construct Panzer Kompanie
Selects Wespe Self-propelled Artillery
Selects Zeroing Artillery Barrage
Zeroing Artillery Barrage
Wespe Self-propelled Artillery
Zeroing Artillery Barrage
Infanterie Officer Quarters
Luftwaffe Officer Quarters
Wespe Self-propelled Artillery